 Dungeon Crawl Stone Soup version 0.27.0-1-g7a089689b8 (webtiles) character file.

Game seed: 16542233187512121161

1777 shoop the Slicer (level 9, -4/48 HPs)
             Began as a Kobold Earth Elementalist on Aug 9, 2021.
             Was an Elder of Zin.
             Slain by an iguana (11 damage)
             ... on level 6 of the Dungeon.
             The game lasted 00:18:49 (7274 turns).

shoop the Slicer (Kobold Earth Elementalist)        Turns: 7274, Time: 00:18:49

Health: -4/48      AC: 11    Str: 15    XL:     9   Next: 29%
Magic:  12/12      EV: 15    Int: 26    God:    Zin [****..]
Gold:   233        SH:  0    Dex: 16    Spells: 5/12 levels left

rFire    . . .     SeeInvis .   e - +4 rapier of Balance {vorpal, rC+ Str+5 Int+3}
rCold    + . .     Faith    +   (shield restricted)
rNeg     . . .     Spirit   .   x - +0 leather armour
rPois    ∞         Reflect  .   A - +2 helmet
rElec    .         Harm     .   (no cloak)
rCorr    .         Rampage  .   (no gloves)
Will     .....                  y - +0 pair of boots
Stlth    ++........             k - amulet of faith
HPRegen  0.16/turn              h - +6 ring of intelligence
MPRegen  0.13/turn              v - +4 ring of protection

@: confused, mighty, vitalised, ambrosia-drunk, marked
A: small, no large weapons, nightstalker 3
a: Renounce Religion, Recite, Vitalisation, Imprison, Donate Gold


You were on level 6 of the Dungeon.
You worshipped Zin.
Zin was greatly pleased with you.
You visited 1 branch of the dungeon, and saw 6 of its levels.
You also visited: Ossuary.

You collected 258 gold pieces.
You donated 25 gold pieces to Zin.

Inventory:

Hand Weapons
 a - a +0 dagger
 b - a +0 long sword
 e - the +4 rapier of Balance (weapon) {vorpal, rC+ Str+5 Int+3}
   (You acquired it in an ossuary)

   It inflicts extra damage upon your enemies.
   Str:       It affects your strength (+5).
   Int:       It affects your intelligence (+3).
   rC:        It protects you from cold.
Missiles
 c - 182 stones
 n - 7 boomerangs
 r - 17 poisoned darts (quivered)
Armour
 d - a +0 robe
 w - a +0 kite shield
 x - a +0 leather armour (worn)
 y - a +0 pair of boots (worn)
 A - a +2 helmet (worn)
Jewellery
 h - a +6 ring of intelligence (left hand)
 k - an amulet of faith (around neck)
 v - a +4 ring of protection (right hand)
Scrolls
 f - a scroll of brand weapon {unknown}
 m - a scroll of fear {unknown}
 o - 4 scrolls of enchant weapon {unknown}
 t - 2 scrolls of fog {unknown}
 z - a scroll of vulnerability {unknown}
 C - a scroll of amnesia {unknown}
 E - a scroll of enchant armour {unknown}
Potions
 j - 2 potions of curing {unknown}
 l - a potion of brilliance {unknown}
 p - a potion of invisibility
 q - a potion of flight
 s - a potion of cancellation {unknown}
 u - 4 potions of heal wounds {unknown}
 B - a potion of attraction
 D - a potion of haste {unknown}


   Skills:
 - Level 2.0 Fighting
 * Level 11.3 Short Blades
 - Level 2.0 Throwing
 - Level 2.0 Armour
 - Level 4.0 Dodging
 - Level 5.0 Stealth
 - Level 2.1 Spellcasting
 - Level 1.0 Transmutations
 - Level 3.0 Earth Magic
 + Level 4.3 Invocations


You had 5 spell levels left.
You knew the following spells:

 Your Spells              Type           Power      Damage    Failure   Level
a - Sandblast             Erth           36%        2d10      3%          1
c - Petrify               Tmut/Erth      13%        N/A       50%         4
p - Passwall              Tmut/Erth      10%        N/A       9%          2

Your spell library contained the following spells:

 Spells                   Type           Power      Damage    Failure   Level
 Stone Arrow              Conj/Erth      20%        3d8       21%         3
 Dazzling Flash           Conj/Hex       4%         N/A       36%         3
 Agony                    Necr           2%         N/A       98%         5
 Fireball                 Conj/Fire      1%         3d3       98%         5
 Silence                  Hex/Air        1%         N/A       98%         5
 Starburst                Conj/Fire      1%         8x6d3     100%        6
 Ignition                 Fire           1%         3d3       100%        8


Dungeon Overview and Level Annotations

Branches:
Dungeon (6/15)            Ossuary (visited)
 Temple: D:4-7

Altars:
Zin
Beogh

Shops:
D:1 !   D:6 =

Annotations:
D:4 exclusions: dart slug, jelly and 2 orcs, Natasha
D:6 exclusions: ice beast and wyvern


Innate Abilities, Weirdness & Mutations

You are small and have problems with some larger weapons.
You are completely attuned to the shadows.


Message History

You throw a poisoned dart.
The poisoned dart closely misses the scorpion.
The poisoned dart hits the iguana.
The iguana is poisoned.
You barely miss the scorpion. The scorpion completely misses you.
You closely miss the scorpion. The scorpion barely misses you.
You hit the scorpion.
The scorpion is moderately wounded.
An iguana comes into view.
The scorpion stings you.
Your divine stamina protects you from poison!
The iguana barely misses you.
You puncture the scorpion!
The scorpion is almost dead.
You puncture the scorpion!
You kill the scorpion!
The iguana bites you but does no damage.
You puncture the ice beast!
The ice beast is heavily wounded.
The iguana bites you.
* * * LOW HITPOINT WARNING * * *
Unknown command.
You completely miss the ice beast.
The ice beast is heavily wounded.
The ice beast hits you.
* * * LOW HITPOINT WARNING * * *
The ice beast freezes you. You resist.
* * * LOW HITPOINT WARNING * * *
Unknown command.
You are confused.
You feel invigorated. The iguana closely misses you.
The ice beast hits you but does no damage.
You bump into the rock wall.
The iguana misses you. The ice beast hits you.
* * * LOW HITPOINT WARNING * * *
The ice beast freezes you. You resist.
* * * LOW HITPOINT WARNING * * *
Unknown command.
You hit the ice beast.
The ice beast is severely wounded.
The iguana looks more healthy.
The iguana bites you!
You die...

.. .. ..
.......... ..
..........#. ..
............. ..
...........# ..
.........# ..
#...#.()### ....#
#..##..lY@#
.....#
##..##.)l##
......###..###.##
........#...####
............#
...........##
...........#
.........###
...)...###


You could see an ice beast and 2 iguanas.

Vanquished Creatures
  A wyvern (D:6)
  A steam dragon (D:6)
  A black bear (D:6)
  An ice beast (D:5)
  2 ogres (D:5)
  A gnoll sergeant (D:6)
  6 scorpions
  2 water moccasin skeletons
  2 centaur zombies (Ossuary)
  2 hounds (D:4)
  A jelly (D:4)
  A centaur skeleton (D:5)
  2 human zombies (Ossuary)
  An orc priest (D:5)
  A gnoll shaman (D:5)
  An iguana (D:5)
  2 mummies (Ossuary)
  A howler monkey zombie (D:6)
  6 adders
  9 gnolls
  A white imp (D:5)
  An adder zombie (D:5)
  2 worms
  4 dart slugs
  13 orcs
  6 endoplasms
  3 giant cockroaches
  7 goblins
  A hobgoblin (D:3)
  12 jackals
  4 quokkas
  5 ball pythons
  8 bats
  2 frilled lizards
  A goblin zombie (Ossuary)
  14 hobgoblin zombies (Ossuary)
  2 jackal zombies (Ossuary)
  5 kobolds
  6 kobold zombies (Ossuary)
  6 orc zombies (Ossuary)
  A rat (D:1)
  3 rat zombies
151 creatures vanquished.

Vanquished Creatures (others)
  2 orcs (D:6)
2 creatures vanquished.

Grand Total: 153 creatures vanquished

Notes
Turn   | Place    | Note
-------+----------+-------------------------------------------
     0 | D:1      | shoop the Kobold Earth Elementalist began the quest for the
                  | Orb.
     0 | D:1      | Reached XP level 1. HP: 10/10 MP: 3/3
   220 | D:1      | Reached skill level 1 in Short Blades
   298 | D:1      | Reached skill level 2 in Short Blades
   298 | D:1      | Reached XP level 2. HP: 15/15 MP: 5/5
   462 | D:1      | Reached skill level 3 in Short Blades
   740 | D:1      | Reached XP level 3. HP: 19/19 MP: 6/6
  1145 | D:1      | Found Sevingar's Distillery.
  1221 | D:1      | Reached skill level 4 in Short Blades
  1721 | D:2      | Reached XP level 4. HP: 24/24 MP: 2/7
  1725 | D:2      | Learned a level 2 spell: Passwall
  1730 | D:2      | Learned a level 4 spell: Petrify
  2302 | D:2      | Reached skill level 5 in Short Blades
  2351 | D:2      | Found a faded altar of an unknown god.
  3203 | D:4      | Noticed a scorpion
  3223 | D:4      | Reached XP level 5. HP: 28/28 MP: 8/8
  3368 | D:4      | Noticed Natasha
  3383 | D:4      | Reached skill level 1 in Throwing
  3608 | D:3      | Reached skill level 6 in Short Blades
  3824 | D:4      | Reached XP level 6. HP: 32/32 MP: 9/9
  4023 | D:4      | Reached skill level 7 in Short Blades
  4265 | D:4      | Reached XP level 7. HP: 36/36 MP: 10/10
  4611 | D:5      | Entered Level 5 of the Dungeon
  4669 | D:5      | Found a glowing silver altar of Zin.
  4674 | D:5      | Became a worshipper of Zin the Law-Giver
  4674 | D:5      | Reached * piety under Zin
  4706 | D:5      | Reached skill level 5 in Stealth
  4872 | D:5      | Reached skill level 8 in Short Blades
  5041 | D:5      | Found a sand-covered staircase.
  5044 | D:5      | Reached ** piety under Zin
  5048 | Ossuary  | Entered an ossuary
  5199 | Ossuary  | Reached skill level 1 in Fighting
  5366 | Ossuary  | Reached skill level 1 in Invocations
  5404 | Ossuary  | Reached *** piety under Zin
  5560 | Ossuary  | Reached XP level 8. HP: 44/44 MP: 0/11
  5764 | Ossuary  | Identified a scroll of acquirement
  5767 | Ossuary  | Acquired the +4 rapier of Balance {vorpal, rC+ Str+5 Int+3}
  5890 | D:5      | Reached skill level 9 in Short Blades
  6940 | D:6      | Reached skill level 10 in Short Blades
  6975 | D:6      | Reached skill level 1 in Armour
  7105 | D:6      | Found Jaom's Jewellery Boutique.
  7128 | D:6      | Noticed a wyvern
  7221 | D:6      | Reached **** piety under Zin
  7247 | D:6      | Killed a wyvern
  7248 | D:6      | Reached XP level 9. HP: 17/48 MP: 10/12
  7253 | D:6      | Reached skill level 11 in Short Blades
  7274 | D:6      | Slain by an iguana

Illustrated notes

Levels and vault maps discovered:
D:1:      dpeg_arrival_short_road, layout_basic, serial_shops,
          nicolae_square_shop
D:2:      layout_basic, hellmonk_ecumenical_altar_defaced_shrine,
          chequers_serial_rivers_small_a
D:3:      layout_rooms
D:4:      layout_layer_cave, columned_hall_lemuel, uniq_natasha
D:5:      layout_basic, mainiacjoe_overflow_boulevard, enter_ossuary_3,
          corexii_corridor_pit
D:6:      layout_cave_pools, minmay_temple_entry_nine_rooms, serial_shops, shop

Skill      XL: |  1  2  3  4  5  6  7  8  9 |
---------------+----------------------------+-----
Short Blades   | 2 3 4 5 6 7 8 10 11 | 11.3
Stealth        | 3 4 5 |  5.0
Throwing       | 1 2 |  2.0
Fighting       | 1 2 |  2.0
Dodging        | 3 4 |  4.0
Invocations    | 1 3 4 |  4.3
Armour         | 1 2 |  2.0
Spellcasting   | |  2.1
Transmutations | |  1.0
Earth Magic    | |  3.0

Action                   |  1- 3 |  4- 6 |  7- 9 || total
-------------------------+-------+-------+-------++-------
Melee: Dagger            |    39 |    69 |   211 ||   319
       Long sword        |     5 |       |    27 ||    32
       Rapier            |       |       |   115 ||   115
Throw: Dart              |       |     8 |     5 ||    13
 Cast: Sandblast         |    14 |    15 |    48 ||    77
       Passwall          |       |       |     1 ||     1
Invok: Recite            |       |       |     2 ||     2
       Vitalisation      |       |       |     1 ||     1
  Use: Scroll            |       |       |     7 ||     7
       Potion            |       |       |     2 ||     2
 Stab: Sleeping          |    23 |    18 |    14 ||    55
       Distracted        |       |       |     3 ||     3
       Confused          |       |       |     1 ||     1
Armor: Robe              |     3 |     9 |    65 ||    77
       Leather armour    |       |       |    23 ||    23
Dodge: Dodged            |    20 |    51 |   207 ||   278
       Rpst.: Long sword |     4 |       |     8 ||    12
